 Dungeon Crawl Stone Soup version 0.19-a0-1223-gf83d13a (webtiles) character file.

6470 inmateoo the Covert (level 11, -4/48 HPs)
             Began as a Vine Stalker Assassin on Aug 24, 2016.
             Was a Priest of Okawaru.
             Incinerated by a mottled dragon (6 damage)
             ... with a sticky flame
             ... on level 11 of the Dungeon.
             The game lasted 00:18:31 (8002 turns).

inmateoo the Covert (Vine Stalker Assassin)         Turns: 8002, Time: 00:18:32

Health: -4/48      AC:  8    Str: 17    XL:     11   Next: 0%
Magic:  0/16       EV: 14    Int: 13    God:    Okawaru [***...]
Gold:   280        SH:  0    Dex: 14    Spells: 3 memorised, 9 levels left

rFire  . . .     SeeInvis +     R - +8 great sword "Goph" {flame, rPois MR+ Str+4}
rCold  + . .     Gourm    .     o - +2 leather armour {rC+}
rNeg   + + +     Faith    .     (shield currently unavailable)
rPois  +         Spirit   +     (no helmet)
rElec  +         Dismiss  .     d - +0 cloak
rCorr  .         Reflect  .     E - +0 pair of gloves
MR     ++...     Harm     .     H - +0 pair of boots
Stlth  ++........               w - amulet of rage
                                I - ring of Bauwkuh {+Fly rElec rPois rN+++ Dex-4}
                                v - ring of see invisible

@: liquid flames, glowing
A: fangs 3, talons 1, blurry vision 1, clever 1, clumsy 1, frail 1, regeneration
1, screaming 1, magic shield, antimagic bite, no device heal 3, rot immunity
a: Heroism, Renounce Religion, Evoke Berserk Rage, Evoke Flight


You were on level 11 of the Dungeon.
You worshipped Okawaru.
Okawaru was most pleased with you.
You were not hungry.

You visited 2 branches of the dungeon, and saw 12 of its levels.

You collected 574 gold pieces.
You spent 294 gold pieces at shops.

Inventory:

Hand Weapons
 b - a +0 blowgun
 G - a +1 dagger of electrocution
 R - the +8 great sword "Goph" (weapon) {flame, rPois MR+ Str+4}
   (You found it on level 8 of the Dungeon)

   It has been specially enchanted to burn those struck by it, causing extra
   injury to most foes and up to half again as much damage against particularly
   susceptible opponents.
   Big, fiery blades are also staple armaments of hydra-hunters.
   It affects your strength (+4).
   It protects you from poison.
   It affects your resistance to hostile enchantments.
 W - a +0 hand axe
Missiles
 e - 80 poisoned needles
 B - 3 needles of frenzy
 P - a curare-tipped needle
Armour
 d - a +0 cloak (worn)
 o - a +2 leather armour of cold resistance (worn)
 E - a +0 pair of gloves (worn)
 H - a +0 pair of boots (worn)
Jewellery
 v - a ring of see invisible (left hand)
 w - an amulet of rage (around neck)
 I - the ring of Bauwkuh (right hand) {+Fly rElec rPois rN+++ Dex-4}
   (You found it on level 7 of the Dungeon)

   [ring of flight]

   It affects your dexterity (-4).
   It insulates you from electricity.
   It protects you from poison.
   It renders you almost immune to negative energy.
   It lets you fly.
 X - a cursed ring of teleportation {unknown}
Wands
 a - a wand of iceblast (4/15)
 f - a wand of digging (14/24)
 k - a wand of flame (21/48)
 m - a wand of lightning (8/15)
 A - a wand of acid (6/15)
 J - a wand of lightning (3/15)
 U - a wand of disintegration (3/24)
 V - a wand of digging (15/24)
Scrolls
 i - 3 scrolls of fear
 j - 2 scrolls of remove curse
 r - a scroll of enchant armour
 s - 3 scrolls of fog
 x - 3 scrolls of noise
 y - a scroll of recharging
 F - a scroll of teleportation
 M - a scroll of brand weapon
 O - a scroll of enchant weapon
 Q - 2 scrolls of blinking
Potions
 l - a potion of agility
 n - a potion of might
 q - 3 potions of brilliance
 z - 8 potions of curing
 L - a potion of lignification
 T - a potion of haste
Books
 c - a Fen Folio

   Spells                             Type                      Level
   a - Corpse Rot                     Necromancy                   2
   b - Stone Arrow                    Conjuration/Earth            3
   c - Leda's Liquefaction            Hexes/Earth                  4
   d - Summon Forest                  Summoning/Translocation      5
   e - Hydra Form                     Transmutation                6
   f - Summon Hydra                   Summoning                    7
 p - a book of the Tempests

   Spells                             Type                      Level
   a - Static Discharge               Conjuration/Air              3
   b - Lightning Bolt                 Conjuration/Air              5
   c - Fireball                       Conjuration/Fire             5
   d - Tornado                        Air                          9
   e - Shatter                        Earth                        9
 C - a book of Geomancy

   Spells                             Type                      Level
   a - Sandblast                      Earth                        1
   b - Passwall                       Transmutation/Earth          2
   c - Stone Arrow                    Conjuration/Earth            3
   d - Petrify                        Transmutation/Earth          4
   e - Lee's Rapid Deconstruction     Earth                        5
 K - a book of the Sky

   Spells                             Type                      Level
   a - Summon Lightning Spire         Summoning/Air                4
   b - Airstrike                      Air                          4
   c - Silence                        Hexes/Air                    5
   d - Deflect Missiles               Charms/Air                   6
   e - Conjure Ball Lightning         Conjuration/Air              6
   f - Tornado                        Air                          9
 N - a book of Callings

   Spells                             Type                      Level
   a - Summon Small Mammal            Summoning                    1
   b - Call Imp                       Summoning                    2
   c - Call Canine Familiar           Summoning                    3
   d - Summon Guardian Golem          Hexes/Summoning              3
   e - Summon Lightning Spire         Summoning/Air                4
   f - Summon Ice Beast               Ice/Summoning                4
 S - a book of Minor Magic

   Spells                             Type                      Level
   a - Magic Dart                     Conjuration                  1
   b - Blink                          Translocation                2
   c - Call Imp                       Summoning                    2
   d - Repel Missiles                 Charms/Air                   2
   e - Slow                           Hexes                        2
   f - Conjure Flame                  Conjuration/Fire             3
   g - Mephitic Cloud                 Conjuration/Poison/Air       3
Comestibles
 g - 6 bread rations
 h - 7 meat rations
 t - 3 royal jellies
 u - a beef jerky
 D - 2 fruits
 Y - a slice of pizza


   Skills:
 + Level 4.6 Fighting
 - Level 7.0(8.0) Short Blades
 * Level 5.8(7.4) Long Blades
 - Level 1.7 Throwing
 + Level 5.1 Dodging
 + Level 10.0 Stealth
 + Level 2.6 Spellcasting
 + Level 2.0 Charms
 + Level 1.5 Air Magic
 - Level 1.0 Earth Magic
 + Level 5.9 Evocations


You had 9 spell levels left.
You knew the following spells:

 Your Spells              Type           Power        Failure   Level  Hunger
a - Blink                 Tloc           N/A          47%         2    ###....
b - Repel Missiles        Chrm/Air       #.....       24%         2    ###....
c - Passwall              Tmut/Erth      #.........   38%         2    ###....


Dungeon Overview and Level Annotations

Branches:
Dungeon (11/15)            Temple (1/1) D:7            Lair (0/6) D:9
    Orc: D:9-12

Altars:
Ashenzari
Cheibriados
Dithmenos
Elyvilon
Fedhas
Gozag
Hepliaklqana
Kikubaaqudgha
Makhleb
Nemelex Xobeh
Okawaru
Qazlal
Ru
Sif Muna
Trog
Uskayaw
Xom
Yredelemnul
The Shining One
Lugonu

Shops:
D:4 [   D:10 ?


Innate Abilities, Weirdness & Mutations

You have razor-sharp teeth.
Your natural rate of healing is unusually fast.
When hurt, damage is shared between your health and your magic reserves.
Your bite disrupts and absorbs the magic of your enemies.
Potions and wands cannot restore your health.
You are immune to rotting.
You have sharp toenails.
Scrolls take you a little longer to read.
Your mind is acute. (Int +2)
You are clumsy. (Dex -2)
You are frail. (-10% HP)
You occasionally shout uncontrollably at your foes.


Message History

2 orcs come into view.
You slice the mottled dragon!! You burn the mottled dragon.
Your bite misses the mottled dragon.
The mottled dragon is severely wounded.
You are covered in liquid flames!
* * * LOW HITPOINT WARNING * * *
The mottled dragon bites you.
* * * LOW HITPOINT WARNING * * *
The mottled dragon closely misses you.
The orc throws a tomahawk.
The tomahawk hits you.
* * * LOW HITPOINT WARNING * * *
Unknown command.
You hit the mottled dragon. You burn the mottled dragon.
You kill the mottled dragon!
Okawaru accepts your kill.
Your Stealth skill increases to level 10!
Your Charms skill increases to level 2!
You have reached level 11!
You are covered in liquid flames!
You die...

## ...########
........(.# ......†...#
.......@..##########
.......†...........#####
....oo######............
.....o #............
...o. +.....)......
..... #............ ....
#............ ....
##...........
#...........


You could see 4 orcs.

Vanquished Creatures
  The ghost of Nattefrost the Carver, a novice CeBe of Trog (D:7)
  The ghost of dobroeutro the Cleaver, a novice FoFi (D:5)
  Sigmund (D:4)
  Eustachio (D:4)
  Menkaure (D:5)
  A mottled dragon (D:11)
  4 vampire mosquitoes (D:9)
  3 wargs (D:9)
  Duvessa (D:5)
  3 ice beasts
  4 sky beasts
  A phantom (D:11)
  3 orc warriors
  3 black bears
  3 ogres
  A crocodile (D:8)
  2 big kobolds
  7 giant frogs
  Dowan (D:5)
  3 killer bees (D:7)
  2 scorpions (D:5)
  4 wights (D:8)
  3 crimson imps
  A quasit (D:6)
  5 giant frog zombies
  A centaur zombie (D:4)
  3 jellies
  4 hounds
  4 orc priests
  9 orc wizards
  A centaur skeleton (D:7)
  An iguana (D:8)
  Natasha (thrice) (D:2)
  7 worker ants
  2 hound zombies
  4 gnolls (D:8)
  12 adders
  4 shadow imps
  3 oozes
  2 adder zombies
  An adder skeleton (D:4)
  3 worms
  2 dart slugs (D:1)
  4 giant geckos
  17 orcs
  7 giant cockroaches
  6 hobgoblins
  6 jackals
  2 quokkas
  2 ball pythons (D:6)
  9 bats
  A giant cockroach zombie (D:5)
  3 giant newts (D:1)
  9 goblins
  A jackal skeleton (D:6)
  15 kobolds
  A quokka skeleton (D:9)
  2 quokka zombies (D:4)
  8 rats
  A plant (D:5)
220 creatures vanquished.

Notes
Turn   | Place    | Note
-------+----------+-------------------------------------------
     0 | D:1      | inmateoo the Vine Stalker Assassin began the quest for the Orb.
     0 | D:1      | Reached XP level 1. HP: 11/11 MP: 2/2
    53 | D:1      | Reached XP level 2. HP: 4/15 MP: 3/3
   394 | D:1      | Reached skill level 5 in Stealth
   509 | D:1      | Reached XP level 3. HP: 12/18 MP: 4/4
  1219 | D:2      | Found a white marble altar of Elyvilon.
  1240 | D:2      | Noticed Natasha
  1252 | D:2      | Killed Natasha
  1252 | D:2      | Gained mutation: Your natural rate of healing is unusually fast. [Vine Stalker growth]
  1252 | D:2      | Reached XP level 4. HP: 15/23 MP: 5/5
  1368 | D:2      | Noticed Natasha
  1379 | D:2      | Killed Natasha
  1463 | D:2      | Reached XP level 5. HP: 19/26 MP: 6/6
  1483 | D:2      | Reached skill level 6 in Stealth
  1614 | D:2      | Noticed Natasha
  1624 | D:2      | Killed Natasha
  1624 | D:2      | Reached skill level 1 in Dodging
  1903 | D:3      | Found a shadowy altar of Dithmenos.
  1905 | D:3      | Found a deep blue altar of Sif Muna.
  2040 | D:3      | Found a bloodstained altar of Trog.
  2041 | D:3      | Found a sacrificial altar of Ru.
  2559 | D:4      | Found Daqol's Armour Emporium.
  2578 | D:4      | Found a shattered altar of Ashenzari.
  2647 | D:4      | Reached XP level 6. HP: 30/30 MP: 7/7
  2931 | D:4      | Reached skill level 5 in Short Blades
  2931 | D:4      | Reached skill level 1 in Evocations
  2980 | D:4      | Reached XP level 7. HP: 27/34 MP: 5/9
  3002 | D:4      | Noticed Eustachio
  3026 | D:4      | Killed Eustachio
  3183 | D:4      | Noticed Sigmund
  3210 | D:4      | Killed Sigmund
  3210 | D:4      | Reached skill level 7 in Stealth
  3411 | D:4      | Found a shimmering altar of Xom.
  3411 | D:4      | Found a burning altar of Makhleb.
  3414 | D:4      | Gained mutation: You have razor-sharp teeth. [Vine Stalker growth]
  3414 | D:4      | Reached XP level 8. HP: 38/38 MP: 10/10
  3506 | D:4      | Bought a +0 pair of boots for 54 gold pieces
  3579 | D:5      | Entered Level 5 of the Dungeon
  3593 | D:5      | Noticed Menkaure
  3605 | D:5      | Killed Menkaure
  3731 | D:5      | Noticed dobroeutro's ghost (novice FoFi)
  3939 | D:6      | Reached skill level 8 in Stealth
  4290 | D:5      | Noticed Duvessa
  4301 | D:5      | Noticed Dowan
  4332 | D:5      | Found a hazy altar of Hepliaklqana.
  4349 | D:5      | Killed Duvessa
  4349 | D:5      | Reached skill level 1 in Long Blades
  4349 | D:5      | Reached XP level 9. HP: 42/42 MP: 12/12
  4363 | D:5      | Killed Dowan
  4390 | D:5      | Gained mutation: Your mind is acute. (Int +2) [potion of mutation]
  4390 | D:5      | Gained mutation: You occasionally shout uncontrollably at your foes. [potion of mutation]
  4390 | D:5      | Gained mutation: You are frail. (-10% HP) [potion of mutation]
  4821 | D:5      | Killed dobroeutro's ghost
  4985 | D:4      | Bought a +1 leather armour of cold resistance for 168 gold pieces
  5082 | D:7      | Found a glowing golden altar of the Shining One.
  5168 | D:7      | Noticed Nattefrost's ghost (novice CeBe)
  5201 | D:7      | Killed Nattefrost's ghost
  5201 | D:7      | Reached skill level 9 in Stealth
  5245 | D:7      | Found a staircase to the Ecumenical Temple.
  5256 | Temple   | Entered the Ecumenical Temple
  5272 | Temple   | Became a worshipper of Warmaster Okawaru
  5376 | D:7      | Found a stormy altar of Qazlal.
  5629 | D:7      | Got a sparkling pewter ring
  5751 | D:8      | Got a crude great sword
  5752 | D:8      | Identified the +8 great sword "Goph" {flame, rPois MR+ Str+4} (You found it on level 8 of the Dungeon)
  5770 | D:8      | Reached XP level 10. HP: 41/44 MP: 14/14
  6065 | D:8      | Found an ancient bone altar of Kikubaaqudgha.
  6068 | D:8      | Found a blossoming altar of Fedhas.
  6074 | D:8      | Gained mutation: You are agile. (Dex +2) [mutagenic meat]
  6080 | D:8      | Lost mutation: You are agile. (Dex +2) [mutagenic meat]
  6083 | D:8      | Gained mutation: You are partially covered in icy blue scales. (AC +2) [mutagenic meat]
  6086 | D:8      | Gained mutation: Scrolls take you a little longer to read. [mutagenic meat]
  6123 | D:8      | Reached skill level 1 in Spellcasting
  6133 | D:8      | Lost mutation: You are partially covered in icy blue scales. (AC +2) [mutagenic meat]
  6136 | D:8      | Gained mutation: You have sharp toenails. [mutagenic meat]
  6142 | D:8      | Gained mutation: You are clumsy. (Dex -2) [mutagenic meat]
  6175 | D:8      | Reached * piety under Okawaru
  6175 | D:8      | Reached skill level 5 in Evocations
  6649 | D:9      | Found a staircase to the Lair.
  6757 | D:9      | Reached skill level 5 in Long Blades
  6795 | D:9      | Learned a level 2 spell: Blink
  6798 | D:9      | Learned a level 2 spell: Repel Missiles
  6801 | D:9      | Learned a level 2 spell: Passwall
  7036 | D:9      | Reached skill level 1 in Earth Magic
  7098 | D:9      | Identified the ring of Bauwkuh {+Fly rElec rPois rN+++ Dex-4} (You found it on level 7 of the Dungeon)
  7120 | D:9      | Reached ** piety under Okawaru
  7122 | D:9      | Reached skill level 1 in Charms
  7144 | D:9      | Reached skill level 5 in Dodging
  7321 | D:10     | Entered Level 10 of the Dungeon
  7426 | D:10     | Found Puca's Magic Scroll Boutique.
  7429 | D:10     | Bought a scroll of identify for 24 gold pieces
  7429 | D:10     | Bought a scroll of identify for 24 gold pieces
  7429 | D:10     | Bought a scroll of identify for 24 gold pieces
  7599 | D:10     | Reached skill level 1 in Air Magic
  7603 | D:10     | HP: 1/67 [orc warrior/glaive (12)]
  7604 | D:10     | Reached *** piety under Okawaru
  7987 | D:11     | Noticed a hill giant
  8001 | D:11     | HP: 2/45 [orc/tomahawk (3)]
  8002 | D:11     | Reached skill level 10 in Stealth
  8002 | D:11     | Reached XP level 11. HP: 2/48 MP: 1/16
  8002 | D:11     | Incinerated by a mottled dragon

Vault maps used:
D:1:      minmay_arrival_radiant_lines
D:2:      lemuel_doored_altar, first_bread, st_stairs_14, uniq_natasha
D:3:      nicolae_overflow_hidden_temple
D:4:      grunt_temple_overflow_champion_of_chaos, nicolae_ashenzari_panopticon,
          serial_shops, nicolae_shop_window_shopping, serial_undead,
          serial_undead_e, serial_undead_d, serial_undead_e, serial_undead_c,
          uniq_sigmund, uniq_eustachio
D:5:      kennysheep_mini_moat, serial_curves, eino_curves_04, eino_curves_01,
          eino_curves_04, lexackson_kobold_supper, uniq_duvessa, uniq_menkaure
D:7:      tso_metal_star, nicolae_qazlal_general_emergency
D:8:      grunt_temple_overflow_growth_and_decay, serial_column_ruins,
          column_ruins_hut_ruined, column_ruins_corridor_straight,
          column_ruins_open_tiny, column_ruins_grid_4, column_ruins_grid_1,
          column_ruins_columns_straight, column_ruins_columns_straight,
          column_ruins_columns_straight
D:9:      erik_lair_orcish_takeover
D:10:     serial_shops, nicolae_shop_stone
D:11:     hiddenorc1_lemuel, uniq_josephine
Temple:   corrupted_temple

Skill      XL: |  1  2  3  4  5  6  7  8  9 10 |
---------------+-------------------------------+-----
Short Blades   | 2 3 4 5 7 |  7.0
Stealth        | 5 6 7 8 9 10 | 10.0
Dodging        | 1 2 3 4 5 |  5.1
Evocations     | 1 2 3 4 5 |  5.9
Fighting       | 2 3 4 |  4.6
Long Blades    | 1 4 5 |  5.8
Spellcasting   | 2 |  2.6
Earth Magic    | 1 |  1.0
Charms         | 2 |  2.0
Air Magic      | 1 |  1.5
Throwing       | |  1.7

Action                   |  1- 3 |  4- 6 |  7- 9 | 10-12 || total
-------------------------+-------+-------+-------+-------++-------
Melee: Dagger            |   124 |   134 |   317 |    90 ||   665
       Bite              |    27 |    41 |   100 |    64 ||   232
       Great sword       |       |       |     4 |   150 ||   154
 Fire: Blowgun           |     5 |     8 |     5 |       ||    18
 Abil: Evoke Berserk Rag |       |       |     1 |       ||     1
  Use: Scroll            |       |       |    17 |     5 ||    22
       Potion            |       |       |     1 |     1 ||     2
 Stab: Sleeping          |     8 |    12 |    19 |     8 ||    47
  Eat: Chunk             |       |     7 |     7 |    17 ||    31
       Pizza             |       |       |     1 |       ||     1
Armor: Robe              |    35 |    30 |    40 |       ||   105
       Leather armour    |       |       |     7 |    33 ||    40
       Skin              |       |       |       |     6 ||     6
Dodge: Dodged            |    75 |    62 |   162 |   140 ||   439
